 Dungeon Crawl Stone Soup version 0.27.1 (webtiles) character file.

Game seed: 12587910102703595396

540 speeev33 the Skirmisher (level 7, 0/63 HPs)
             Began as a Hill Orc Fighter on Aug 28, 2021.
             Engulfed by a steam dragon's steam (4 damage)
             ... on level 4 of the Dungeon.
             The game lasted 00:05:02 (3073 turns).

speeev33 the Skirmisher (Hill Orc Fighter)          Turns: 3073, Time: 00:05:03

Health: 0/63       AC: 12    Str: 21    XL:     7   Next: 26%
Magic:  7/7        EV:  8    Int:  8    God:
Gold:   80         SH: 11    Dex: 10    Spells: 6/6 levels left

rFire    . . .     SeeInvis .   a - +1 war axe (flame)
rCold    . . .     Faith    .   c - +1 kite shield
rNeg     . . .     Spirit   .   e - +0 plate armour
rPois    .         Reflect  .   (no helmet)
rElec    .         Harm     .   (no cloak)
rCorr    .         Rampage  .   g - +0 pair of gloves
Will     +....                  (no boots)
Stlth    ..........             (no amulet)
HPRegen  0.20/turn              i - ring of willpower
MPRegen  0.10/turn              p - +4 ring of evasion

@: no status effects
A: no striking features
a: no special abilities


You were on level 4 of the Dungeon.
You visited 1 branch of the dungeon, and saw 4 of its levels.

You collected 80 gold pieces.

Inventory:

Hand Weapons
 a - a +1 war axe of flaming (weapon)
 d - a +0 flail
Missiles
 n - 3 javelins (quivered)
Armour
 c - a +1 kite shield (worn)
 e - a +0 plate armour (worn)
 g - a +0 pair of gloves (worn)
Jewellery
 h - a ring of resist corrosion
 i - a ring of willpower (left hand)
 p - a +4 ring of evasion (right hand)
Wands
 f - a wand of digging (6)
Scrolls
 j - 2 scrolls of teleportation
Potions
 b - a potion of curing
 k - a potion of haste
 l - a potion of flight
 m - a potion of resistance


   Skills:
 + Level 6.3 Fighting
 + Level 6.2 Axes
 - Level 3.2 Armour
 + Level 5.7 Shields


You had 6 spell levels left.
You didn't know any spells.
Your spell library contained the following spells:

 Spells                   Type           Power      Damage    Failure   Level
 Ensorcelled Hibernation  Hex/Ice        0%         N/A       100%        2
 Spider Form              Tmut/Pois      0%         N/A       100%        3
 Shadow Creatures         Summ           N/A        N/A       100%        6


Dungeon Overview and Level Annotations

Branches:
Dungeon (4/15)
 Temple: D:4-7

Altars:
Elyvilon


Message History

The steam dragon bites you but does no damage.
The steam dragon claws you.
You hit the steam dragon. You burn the steam dragon.
The steam dragon is moderately wounded.
You block the steam dragon's attack.
The steam dragon claws you but does no damage.
You hit the steam dragon. You burn the steam dragon.
The steam dragon is heavily wounded.
You block the steam dragon's attack. The steam dragon claws you.
You block the steam dragon's attack.
The steam dragon claws you but does no damage.
You hit the steam dragon. You burn the steam dragon.
The steam dragon is heavily wounded.
You block the steam dragon's attack. The steam dragon claws you.
Your shield and plate armour prevent you from hitting the steam dragon.
The steam dragon is heavily wounded.
The steam dragon bites you but does no damage.
The steam dragon claws you.
You slash the steam dragon! You burn the steam dragon.
The steam dragon is almost dead.
The steam dragon barely misses you.
The steam dragon claws you but does no damage.
The steam dragon bites you but does no damage.
You block the steam dragon's attack.
You closely miss the steam dragon.
The steam dragon is almost dead.
The steam dragon bites you but does no damage.
The steam dragon barely misses you.
You hit the steam dragon. You burn the steam dragon.
The steam dragon is almost dead.
The steam dragon bites you but does no damage.
The steam dragon claws you but does no damage.
You block the steam dragon's attack. x2
You barely miss the steam dragon.
The steam dragon is almost dead.
The steam dragon breathes steam at you. The ball of steam hits you!
* * * LOW HITPOINT WARNING * * *
You are engulfed in a cloud of scalding steam.
You die...

#...# ### #. #...# #<#
#. #...######.# #.
.........##..........#
#.
.........##..........#
#.
#........##.§........#
#.
+........##§.§.......#
#.
#........##§§§.......#
#.
#........###@§.......#
#. #........#
#§#######.# #.
#.....)..###D# #.# #.
######.......#######.#
#. #######......)..#
#. #.#######.# #. #.#
#.# #. ### #.# ####.
#######.####....


You could see a steam dragon (catching breath).

Vanquished Creatures
  An ogre (D:4)
  A phantom (D:4)
  3 scorpions (D:4)
  A gnoll shaman (D:4)
  A centaur skeleton (D:4)
  5 gnolls
  4 adders
  2 worms (D:2)
  4 dart slugs
  5 endoplasms
  2 giant cockroaches
  5 goblins (D:1)
  6 hobgoblins
  3 jackals (D:2)
  A quokka (D:2)
  5 ball pythons
  3 bats
  4 frilled lizards
  5 kobolds
  5 rats
66 creatures vanquished.

Notes
Turn   | Place    | Note
-------+----------+-------------------------------------------
     0 | D:1      | speeev33 the Hill Orc Fighter began the quest for the Orb.
     0 | D:1      | Reached XP level 1. HP: 19/19 MP: 1/1
    45 | D:1      | Reached XP level 2. HP: 11/27 MP: 2/2
   369 | D:1      | Found a faded altar of an unknown god.
   550 | D:1      | Reached XP level 3. HP: 32/33 MP: 3/3
   905 | D:2      | Reached XP level 4. HP: 30/41 MP: 4/4
  1002 | D:2      | Found a white marble altar of Elyvilon.
  2377 | D:3      | You fall into a shaft and drop 1 floor!
  2381 | D:4      | Noticed a scorpion
  2388 | D:4      | Reached XP level 5. HP: 36/47 MP: 5/5
  2389 | D:4      | Reached skill level 5 in Fighting
  2472 | D:4      | Noticed a phantom
  2495 | D:4      | Killed a phantom
  2496 | D:4      | Reached skill level 5 in Axes
  2496 | D:4      | Reached skill level 5 in Shields
  2496 | D:4      | Reached XP level 6. HP: 50/56 MP: 6/6
  2911 | D:4      | Noticed a steam dragon
  3048 | D:4      | Reached XP level 7. HP: 63/63 MP: 7/7
  3073 | D:4      | Engulfed by a steam dragon's steam

Illustrated notes

Levels and vault maps discovered:
D:1:      dpeg_arrival_rooms_with_view, layout_rooms,
          chequers_ecumenical_altar_island
D:2:      layout_basic, basic_altar, minmay_tree_intersection
D:3:      layout_loops_ring, minmay_misc_feat_diagonals,
          kennysheep_cross_bottleneck, minivault_5
D:4:      layout_basic

Skill      XL: |  1  2  3  4  5  6 |
---------------+-------------------+-----
Axes           | 3 4 5 6 |  6.2
Fighting       | 4 5 6 |  6.3
Shields        | 4 5 |  5.7
Armour         | |  3.2

Action                   |  1- 3 |  4- 6 |  7- 9 || total
-------------------------+-------+-------+-------++-------
Melee: War axe           |    85 |    96 |    15 ||   196
  Use: Potion            |     1 |     1 |       ||     2
       Scroll            |       |    11 |       ||    11
Armor: Scale mail        |    38 |       |       ||    38
       Chain mail        |    10 |    23 |       ||    33
       Plate armour      |       |    49 |    10 ||    59
Dodge: Dodged            |    21 |    38 |     4 ||    63
Block: Kite shield       |    53 |    84 |    12 ||   149
